 Dungeon Crawl Stone Soup version 0.28.0-45-g0d030f2227 (webtiles) character file.

Game seed: 15715267934175181922

5010 sanboga the Cleaver (level 10, 0/96 HPs)
             Began as a Gargoyle Fighter on Apr 4, 2022.
             Was a Follower of Trog.
             Killed from afar by a steam dragon (21 damage)
             ... with a ball of steam
             ... on level 8 of the Dungeon.
             The game lasted 00:13:22 (9486 turns).

sanboga the Cleaver (Gargoyle Fighter)              Turns: 9486, Time: 00:13:22

Health: 0/96       AC: 24    Str: 24    XL:     10   Next: 54%
Magic:  10/10      EV:  7    Int:  9    God:    Trog [*.....]
Gold:   3          SH: 14    Dex: 15    Spells: 9/9 levels left

rFire   . . .      SeeInvis +   a - +1 war axe
rCold   + . .      Faith    .   y - +3 kite shield
rNeg    + . .      Spirit   .   p - +1 chain mail {rC+}
rPois   ∞          Reflect  .   j - +0 helmet
rElec   +          Harm     .   d - +1 cloak
rCorr   .          Rampage  .   k - +0 pair of gloves
Will    .....                   (no boots)
Stlth   ..........              (no amulet)
HPRegen 0.26/turn               f - ring of see invisible
MPRegen 0.12/turn               w - +6 ring of dexterity

@: berserking, very quick
A: sickness immunity, AC +7, negative energy resistance 1, electricity
resistance, torment resistance 1, petrification resistance
a: Renounce Religion, Berserk


You were on level 8 of the Dungeon.
You worshipped Trog.
Trog was aware of your devotion.
You visited 2 branches of the dungeon, and saw 9 of its levels.
You also visited: Sewer.

You collected 423 gold pieces.
You spent 420 gold pieces at shops.

Inventory:

Hand Weapons
 a - a +1 war axe (weapon)
 h - the +7 lajatang of Order {silver, rMut}
   (You found it on level 3 of the Dungeon)

   It inflicts extra damage upon those it strikes, and deals substantially
   increased damage to chaotic, mutated and magically transformed beings.
   rMut:      It protects you from mutation.
Armour
 d - a +1 cloak (worn)
 j - a +0 helmet (worn)
 k - a +0 pair of gloves (worn)
 p - a +1 chain mail of cold resistance (worn)
 y - a +3 kite shield (worn)
Jewellery
 f - a ring of see invisible (left hand)
 w - a +6 ring of dexterity (right hand)
Wands
 x - a wand of acid (7)
Scrolls
 b - 3 scrolls of silence
 c - a scroll of magic mapping {unknown}
 l - 3 scrolls of teleportation
 m - a scroll of fear
 n - a scroll of enchant weapon
 o - 3 scrolls of blinking
 s - a scroll of vulnerability
Potions
 e - a potion of haste
 i - a potion of resistance
 q - 2 potions of heal wounds
 r - 2 potions of flight
 t - a potion of mutation
 v - a potion of berserk rage {unknown}


   Skills:
 + Level 8.2 Fighting
 * Level 9.1 Axes
 + Level 8.2 Armour
 + Level 8.2 Shields


You had 9 spell levels left.
You didn't know any spells.
Your spell library contained the following spells:

 Spells                   Type           Power      Damage    Failure   Level
 Corpse Rot               Necr/Air       0%         N/A       100%        2
 Poisonous Vapours        Pois/Air       0%         N/A       100%        2
 Ignite Poison            Fire/Tmut/Pois 0%         N/A       100%        3
 Mephitic Cloud           Conj/Pois/Air  0%         N/A       100%        3
 Freezing Cloud           Conj/Ice/Air   0%         6-21      100%        5


Dungeon Overview and Level Annotations

Branches:
Dungeon (8/15)             Temple (1/1) D:4           Sewer (visited)
   Lair: D:8-11

Altars:
Ashenzari
Cheibriados
Dithmenos
Elyvilon
Fedhas
Gozag
Hepliaklqana
Kikubaaqudgha
Makhleb
Nemelex Xobeh
Okawaru
Qazlal
Ru
Sif Muna
Trog
Uskayaw
Vehumet
Wu Jian
Xom
Yredelemnul
Zin
The Shining One

Shops:
D:4 *[(!:   D:8 :


Innate Abilities, Weirdness & Mutations

You are immune to sickness and miasma.
Your stone body is resilient. (AC +7)
You are immune to poison.
You resist negative energy. (rN+)
You are resistant to electric shocks. (rElec)
You are resistant to unholy torment.
You are immune to petrification.


Message History

A red film seems to cover your vision as you go berserk!
You feel yourself moving faster!
You feel mighty! Erica gestures at you while chanting.
You resist with significant effort. The steam dragon breathes steam at you.
The ball of steam misses Erica.
The ball of steam hits you!!
A wight comes into view. It is wielding a +2 flail.
You feel a strong urge to attack something.
You are engulfed in a cloud of scalding steam.
Erica hits you with a +1 scimitar of flaming!
Erica burns you. The steam dragon breathes steam at you.
The ball of steam hits the steam dragon.
The steam dragon resists.
The ball of steam hits Erica!
The ball of steam hits you but does no damage.
The wight moves out of view.
You closely miss Erica.
Erica is moderately wounded.
You are engulfed in a cloud of scalding steam.
Erica is engulfed in a cloud of scalding steam.
Erica hits you with a +1 scimitar of flaming!
* * * LOW HITPOINT WARNING * * *
Erica burns you.
* * * LOW HITPOINT WARNING * * *
You slash Erica!
Erica is almost dead.
You are engulfed in a cloud of scalding steam.
Erica is engulfed in a cloud of scalding steam.
You block Erica's attack.
You slash Erica!
You kill Erica!
Trog accepts your kill.
Trog appreciates your killing of a magic user.
You closely miss the steam dragon.
You are engulfed in a cloud of scalding steam.
The steam dragon bites you but does no damage.
You block the steam dragon's attack. The steam dragon breathes steam at you.
The ball of steam hits you!!
You die...

#.# .# # ## #.#
.#.#...
#####.##.#.#.#
............
......#.#..
##########§.....!..
#.............# #
#.###.#.#.#..§#.####
#
##.###.#.#.#.@.......
#
#....#.#.#.#D§.#####.
####..#>#.#.#...§...
..........#.####D####
..))....#.... .D.
#######.##### #z# ...
z.. ..## ... ...


You could see a steam dragon.

Vanquished Creatures
  A hydra (D:6)
  Erica (D:8)
  A manticore (D:8)
  Joseph (D:7)
  Grinder (D:5)
  Sigmund (D:5)
  Eustachio (D:4)
  A vampire mosquito (D:5)
  Edmund (D:4)
  2 water moccasins
  Duvessa (D:4)
  Pargi (Sewer)
  3 ice beasts
  2 orc warriors
  2 sky beasts
  3 ogres
  2 centaurs
  A necrophage (D:5)
  3 phantoms
  A bullfrog (D:7)
  A scorpion (D:5)
  Dowan (D:4)
  6 electric eels (D:5)
  A centaur zombie (D:5)
  A bullfrog zombie (D:6)
  3 hounds
  3 jellies
  4 orc priests
  Crazy Yiuf (D:2)
  2 bullfrog skeletons
  2 centaur skeletons (D:6)
  Ijyb (D:3)
  An iguana (D:5)
  2 orc wizards (D:6)
  3 hound skeletons
  2 howler monkey zombies
  Robin (D:3)
  3 gnolls (D:4)
  3 adders
  2 white imps
  A worm (D:2)
  5 dart slugs
  5 orcs
  10 endoplasms
  5 giant cockroaches
  13 goblins
  7 hobgoblins
  A jackal (D:1)
  6 kobolds
  5 quokkas
  10 ball pythons
  2 bats (D:2)
  9 frilled lizards
  3 rats
155 creatures vanquished.

Vanquished Creatures (others)
  8 plants
8 creatures vanquished.

Grand Total: 163 creatures vanquished

Notes
Turn   | Place    | Note
-------+----------+-------------------------------------------
     0 | D:1      | sanboga the Gargoyle Fighter began the quest for the Orb.
     0 | D:1      | Reached XP level 1. HP: 14/14 MP: 1/1
   123 | D:1      | Reached skill level 2 in Axes
   217 | D:1      | Reached XP level 2. HP: 6/19 MP: 2/2
  1177 | D:1      | Found a faded altar of an unknown god.
  1315 | D:1      | Reached XP level 3. HP: 23/23 MP: 3/3
  2078 | D:2      | Found a runed translucent door.
  2079 | D:2      | Noticed Crazy Yiuf
  2230 | D:2      | Found a shimmering blue altar of Sif Muna.
  2352 | D:2      | Killed Crazy Yiuf
  2353 | D:2      | Reached XP level 4. HP: 29/29 MP: 4/4
  2454 | D:3      | Reached skill level 3 in Axes
  2484 | D:3      | Reached XP level 5. HP: 25/33 MP: 5/5
  2544 | D:3      | Noticed Robin
  2545 | D:3      | Found the +7 lajatang of Order {silver, rMut}
  2564 | D:3      | Killed Robin
  2671 | D:3      | Found a glowing drain.
  2675 | Sewer    | Entered a sewer
  2781 | Sewer    | Noticed Pargi
  2805 | Sewer    | Killed Pargi
  2806 | Sewer    | Reached XP level 6. HP: 23/39 MP: 6/6
  3351 | D:3      | Noticed Ijyb
  3365 | D:3      | Killed Ijyb
  3818 | D:4      | Noticed Eustachio
  3871 | D:4      | Killed Eustachio
  3872 | D:4      | Reached skill level 4 in Axes
  4005 | D:4      | Found Xuhox's Distillery.
  4005 | D:4      | Noticed Duvessa
  4007 | D:4      | Found Raogexevya's Book Shoppe.
  4007 | D:4      | Found Xonow's Antique Weapon Emporium.
  4008 | D:4      | Found Jafuon's Antique Armour Boutique.
  4062 | D:4      | Killed Duvessa
  4063 | D:4      | Reached XP level 7. HP: 23/44 MP: 7/7
  4137 | D:4      | Noticed Dowan
  4227 | D:4      | Killed Dowan
  4228 | D:4      | Reached skill level 5 in Fighting
  4228 | D:4      | Reached skill level 5 in Armour
  4271 | D:4      | Reached skill level 5 in Shields
  4302 | D:4      | Bought a potion of degeneration for 11 gold pieces
  4302 | D:4      | Bought 2 potions of heal wounds for 110 gold pieces
  4586 | D:4      | Found a staircase to the Ecumenical Temple.
  4599 | Temple   | Entered the Ecumenical Temple
  4634 | Temple   | Became a worshipper of Trog the Wrathful
  4912 | D:4      | Reached skill level 5 in Axes
  4976 | D:4      | Found Jimaketh's General Store.
  5535 | D:5      | Entered Level 5 of the Dungeon
  5535 | D:5      | Noticed Edmund
  5600 | D:4      | Killed Edmund
  5601 | D:4      | Reached XP level 8. HP: 42/50 MP: 8/8
  5908 | D:5      | Noticed Sigmund
  5923 | D:5      | Killed Sigmund
  6017 | D:5      | Reached * piety under Trog
  6018 | D:5      | Reached skill level 6 in Axes
  6471 | D:5      | Reached XP level 9. HP: 56/56 MP: 9/9
  6801 | D:5      | Reached skill level 7 in Axes
  6935 | D:5      | Noticed Grinder
  6941 | D:5      | Paralysed by Grinder for 3 turns
  6950 | D:5      | Paralysed by Grinder for 4 turns
  6954 | D:5      | Killed Grinder
  7175 | D:4      | Bought a potion of mutation for 104 gold pieces
  7553 | D:6      | Noticed a four-headed hydra
  7564 | D:6      | Killed a five-headed hydra
  7565 | D:6      | Reached skill level 8 in Axes
  7638 | D:6      | Reached XP level 10. HP: 63/63 MP: 10/10
  8586 | D:7      | Found a hide-covered altar of Uskayaw.
  8715 | D:7      | Noticed Joseph
  8775 | D:7      | Killed Joseph
  9002 | D:4      | Bought a shiny kite shield for 195 gold pieces
  9352 | D:8      | Found Akkaumili's Book Shoppe.
  9411 | D:8      | Noticed a manticore
  9429 | D:8      | Killed a manticore
  9430 | D:8      | Reached skill level 9 in Axes
  9478 | D:8      | Noticed Erica
  9486 | D:8      | Killed Erica
  9486 | D:8      | Killed from afar by a steam dragon

Illustrated notes

Levels and vault maps discovered:
D:1:      saegor_arrival_miasma, layout_basic, ebering_ecumenical_altar_webs,
          minmay_bisected
D:2:      layout_basic, basic_altar, minmay_pentomino_r2,
          uniq_crazy_yiuf_cottage
D:3:      layout_basic, gup_sewer_entry_bowl, serial_glass, glass_columns_a,
          glass_columns_a, glass_columns_c, amcnicky_mini_rare_corridor_liquid,
          nicolae_concentric_dashed_squares_mild, uniq_robin, uniq_ijyb
D:4:      layout_loops_corners, minmay_temple_entry_steel_oval, serial_shops,
          shop, minmay_crystal_water, nicolae_wooded_promenade, uniq_eustachio,
          uniq_duvessa
D:5:      cheibrodos_two_vegetables, layout_gridville, grunt_tough_drop,
          uniq_grinder, uniq_edmund, uniq_sigmund
D:6:      layout_basic, grunt_decor_clamped
D:7:      layout_rooms, lemuel_coloured_pillars_altar, uniq_joseph
D:8:      layout_basic, serial_shops, shop, nicolae_stop_n_shop_2,
          enter_bailey_3, chequers_big_river, uniq_erica
Temple:   nicolae_temple_the_god_donut

Skill      XL: |  1  2  3  4  5  6  7  8  9 10 |
---------------+-------------------------------+-----
Axes           | 2 3 4 5 6 8 9 |  9.1
Fighting       | 4 5 6 7 8 |  8.2
Shields        | 4 5 6 7 8 |  8.2
Armour         | 4 5 6 7 8 |  8.2

Action                   |  1- 3 |  4- 6 |  7- 9 | 10-12 || total
-------------------------+-------+-------+-------+-------++-------
Melee: War axe           |    98 |   143 |   254 |   109 ||   604
Invok: Berserk           |       |       |     3 |     3 ||     6
Evoke: Wand              |       |       |     7 |       ||     7
  Use: Potion            |     1 |     5 |       |     2 ||     8
       Scroll            |       |     4 |     4 |     2 ||    10
Armor: Scale mail        |    51 |    85 |       |       ||   136
       Chain mail        |       |    87 |   166 |    89 ||   342
Dodge: Dodged            |    43 |   109 |   110 |    41 ||   303
Block: Buckler           |    15 |    56 |    71 |    18 ||   160
       Kite shield       |       |       |       |    62 ||    62
